 Dungeon Crawl Stone Soup version 0.30-a0-737-gf23d94013f (webtiles) character file.

Game seed: 3095994829334706142

900 sircluck the Chopper (level 8, 0/68 (69) HPs)
             Began as a Hill Orc Fighter on Feb 1, 2023.
             Slain by a mummy (14 damage)
             ... on level 5 of the Dungeon.
             The game lasted 00:15:25 (5649 turns).

sircluck the Chopper (Hill Orc Fighter)             Turns: 5649, Time: 00:15:26

HP:   0/68 (69)     AC: 12    Str: 21    XL:     8   Next: 7%
MP:   8/8           EV: 10    Int:  8    God:
Gold: 230           SH:  4    Dex: 10    Spells: 7/7 levels left

rFire   + . .      SeeInvis .    d - +7 hand axe (elec)
rCold   . . .      Faith    .    c - +0 buckler
rNeg    . . .      Spirit   .    e - +1 scale mail {rF+}
rPois   .          Reflect  .    x - +1 helmet
rElec   .          Harm     .    E - +0 cloak
rCorr   .          Rampage  .    (no gloves)
Will    .....                    (no boots) Stlth
                                 (no amulet)
HPRegen 0.31/turn                (no ring)
MPRegen 0.11/turn                (no ring)

@: lightly drained
A: no striking features
a: no special abilities


You were on level 5 of the Dungeon.
You visited 2 branches of the dungeon, and saw 6 of its levels.

You collected 230 gold pieces.

Inventory:

Hand Weapons
 a - a +0 war axe
 d - a +7 hand axe of electrocution (weapon)
 u - a +0 short sword of electrocution
 C - the +9 trident "Huuhedox" {flame, rC+ Str+3}
   (You found it on level 5 of the Dungeon)

   Str:       It affects your strength (+3).
   rC:        It protects you from cold.
Missiles
 f - 8 atropa-tipped darts (quivered)
 k - 10 poisoned darts
 p - 6 curare-tipped darts
 r - 58 stones
 v - 2 throwing nets
Armour
 b - a +0 scale mail
 c - a +0 buckler (worn)
 e - a +1 scale mail of fire resistance (worn)
 m - a +2 cloak
 x - a +1 helmet (worn)
 E - a +0 cloak (worn)
Jewellery
 w - an amulet of the acrobat
Wands
 t - a wand of charming (17)
 B - a wand of mindburst (16)
Scrolls
 g - a scroll of brand weapon {unknown}
 i - 2 scrolls of teleportation {unknown}
 j - 4 scrolls of identify {unknown}
 l - 2 scrolls of enchant armour {unknown}
 n - a scroll of magic mapping {unknown}
 o - 2 scrolls of poison {unknown}
 q - a scroll of enchant weapon {unknown}
 s - a scroll of torment
 y - a scroll of amnesia {unknown}
Potions
 h - 2 potions of curing
 z - a potion of brilliance {unknown}
 A - a potion of mutation {unknown}
 D - a potion of heal wounds {unknown}


   Skills:
 + Level 5.5 Fighting
 + Level 7.3 Axes
 + Level 0.1 Throwing
 + Level 6.1 Armour
 + Level 1.6 Dodging
 + Level 1.4 Stealth
 + Level 4.4 Shields


You had 7 spell levels left.
You didn't know any spells.
Your spell library contained the following spells:

 Spells                   Type           Power      Damage    Failure   Level
 Apportation              Tloc           0%         N/A       82%         1
 Magic Dart               Conj           0%         1d3       82%         1
 Necrotise                Necr           0%         1d4       82%         1
 Summon Small Mammal      Summ           0%         N/A       82%         1
 Call Imp                 Summ           0%         N/A       91%         2
 Call Canine Familiar     Summ           0%         N/A       99%         3
 Dazzling Flash           Conj/Hex       0%         N/A       99%         3
 Mephitic Cloud           Conj/Pois/Air  0%         N/A       99%         3
 Summon Guardian Golem    Hex/Summ       0%         N/A       99%         3
 Iskenderun's Mystic Bla  Conj/Tloc      0%         2d3       100%        4
 Starburst                Conj/Fire      0%         6d3       100%        6


Dungeon Overview and Level Annotations

Branches:
Dungeon (5/15)             Temple (1/1) D:5

Altars:
Dithmenos
Elyvilon
Fedhas
Gozag
Hepliaklqana
Kikubaaqudgha
Makhleb
Okawaru
Qazlal
Sif Muna
Vehumet
Wu Jian
Xom
Yredelemnul
Zin

Annotations:
D:5 1 transporter, Menkaure


Message History

Menkaure casts a spell.
Menkaure seems to speed up.
The necrophage attacks as you move away!
The necrophage misses you.
The necrophage attacks as you move away!
The necrophage hits you.
You feel drained. The necrophage hits you.
The necrophage attacks as you move away!
The necrophage hits you.
Menkaure calls on the powers of darkness!
Your body is wracked with pain!
The wraith hits you.
* * * LOW HITPOINT WARNING * * *
The necrophage attacks as you move away!
The necrophage hits you but does no damage.
The wraith attacks as you move away! The wraith misses you.
The necrophage attacks as you move away!
The necrophage hits you but does no damage.
Menkaure attacks as you move away! Menkaure barely misses you.
The necrophage attacks as you move away!
The necrophage barely misses you.
Aiming: Charm
Press: ? - help, Q - select action, (/) - cycle Shift-Dir - straight line, f - Menkaure, p - necrophage
Aim: Menkaure (fast, chance to affect: 49%) Menkaure resists with some effort.
The necrophage hits you but does no damage.
Aiming: Charm
Press: ? - help, Q - select action, (/) - cycle Shift-Dir - straight line, f - mummy, p - Menkaure
Aim: a mummy (chance to affect: 49%)
The wraith resists with almost no effort.
The necrophage hits you.
* * * LOW HITPOINT WARNING * * *
The wraith closely misses you.
You feel better. You block the necrophage's attack.
The wraith hits you but does no damage.
Menkaure calls on the powers of darkness!
Your body is wracked with pain!
* * * LOW HITPOINT WARNING * * *
You block the necrophage's attack. The wraith hits you but does no damage.
The wraith closely misses you. The mummy hits you!
You die...

..#.....#.##.....................
###.....#.####..#######..........
# #######.......# #.###.##### #
#######...##.#### #.# #.#
#.......©.......# #.###.#
#.#############.# #.....#
####.#...........#.# ##...##
.....#........MWn#.# ##..>#
###..#..##...##M@#.####...#######
#..#..#8...8#..#...............
#..#.)##...##..#..#.....#####.#
##.#(.(..©.....#..#......# #.#
#.#..##...##..#..#......# #..
#.#..#8...8#..#..#......# #.#
#.#..##...##..#..#####.## #..
#.#...........#..#####.#######
#.#©)$_}⌠)_$|.#..##.......# #


You could see a wraith, a necrophage, Menkaure (fast) and a mummy.

Vanquished Creatures
  Edmund (D:4)
  A water moccasin (D:5)
  A black bear (D:5)
  2 scorpions
  A wight (D:5)
  2 howler monkeys
  An orc priest (D:3)
  2 jellies
  An orc wizard (D:3)
  Terence (D:2)
  An iguana (D:5)
  Robin (D:4)
  8 adders
  A shadow imp (D:5)
  A worm (D:2)
  2 dart slugs
  7 orcs
  4 bats
  5 endoplasms
  5 giant cockroaches
  10 goblins
  4 hobgoblins
  6 quokkas
  6 ball pythons
  2 frilled lizards
  8 kobolds
  4 rats
88 creatures vanquished.

Notes
Turn   | Place    | Note
-------+----------+-------------------------------------------
     0 | D:1      | sircluck the Hill Orc Fighter began the quest for the Orb.
     0 | D:1      | Reached XP level 1. HP: 19/19 MP: 1/1
   308 | D:1      | Reached XP level 2. HP: 27/27 MP: 2/2
   744 | D:1      | Reached skill level 3 in Axes
  1054 | D:2      | Reached XP level 3. HP: 30/33 MP: 3/3
  1549 | D:2      | Noticed Terence
  1555 | D:2      | Reached XP level 4. HP: 17/40 MP: 4/4
  1557 | D:2      | HP: 2/40 [Terence/+7 hand axe of electrocution (9)]
  1565 | D:2      | Killed Terence
  1566 | D:2      | Reached skill level 4 in Axes
  2551 | D:3      | Reached XP level 5. HP: 19/46 MP: 5/5
  2674 | D:3      | Found a faded altar of an unknown god.
  3061 | D:4      | Reached skill level 5 in Axes
  3099 | D:4      | Noticed Edmund
  3119 | D:4      | Killed Edmund
  3120 | D:4      | Reached skill level 5 in Armour
  3120 | D:4      | Reached skill level 1 in Dodging
  3120 | D:4      | Reached XP level 6. HP: 27/53 MP: 6/6
  3278 | D:4      | Noticed Robin
  3290 | D:4      | Killed Robin
  3386 | D:4      | Reached skill level 5 in Fighting
  3494 | D:4      | Reached skill level 1 in Stealth
  3494 | D:4      | Reached XP level 7. HP: 61/61 MP: 7/7
  3797 | D:4      | Reached skill level 6 in Axes
  4078 | D:5      | Entered Level 5 of the Dungeon
  4107 | D:5      | Identified the +9 trident "Huuhedox" {flame, rC+ Str+3}
  4777 | D:5      | Found a transporter.
  4797 | D:5      | Noticed a wraith
  4798 | D:5      | Found a basalt altar of Yredelemnul.
  4802 | D:5      | Noticed Menkaure
  4821 | D:5      | Found an ancient bone altar of Kikubaaqudgha.
  4825 | D:5      | Found a transporter.
  4903 | D:5      | Found a staircase to the Ecumenical Temple.
  4937 | D:5      | Reached skill level 7 in Axes
  4937 | D:5      | Reached XP level 8. HP: 68/69 MP: 8/8
  4961 | Temple   | Entered the Ecumenical Temple
  4961 | Temple   | Found a transporter.
  4961 | Temple   | Found a transporter.
  4963 | Temple   | Found a transporter.
  4963 | Temple   | Found a transporter.
  5073 | D:5      | Found a shadowy altar of Dithmenos.
  5455 | D:5      | Found a glowing silver altar of Zin.
  5649 | D:5      | Slain by a mummy

Illustrated notes

Levels and vault maps discovered:
D:1:      moated_graveyard_arrival, layout_basic
D:2:      layout_basic, uniq_terence
D:3:      layout_rooms, hellmonk_ecumenical_altar_heavens_door,
          nicolae_kite_square_tiling_tiny
D:4:      layout_loops_ring, uniq_edmund, uniq_robin
D:5:      layout_loops_cross, gammafunk_temple_of_torment,
          grunt_dithmenos_smoke_and_mirrors, lemuel_coloured_pillars_altar,
          minmay_temple_entry_statues_fountains
Temple:   hellmonk_temple_divided_pantheon

Skill      XL: |  1  2  3  4  5  6  7  8 |
---------------+-------------------------+-----
Axes           | 3 4 5 7 |  7.3
Fighting       | 4 5 |  5.5
Armour         | 4 5 6 |  6.1
Dodging        | 1 |  1.6
Shields        | 4 |  4.4
Stealth        | 1 |  1.4
Throwing       | |  0.1

Action                     |  1- 3 |  4- 6 |  7- 9 || total
---------------------------+-------+-------+-------++-------
  Melee: War axe           |   105 |     7 |       ||   112
         Hand axe          |       |   104 |    55 ||   159
  Throw: Dart              |       |     1 |     1 ||     2
  Evoke: Wand              |       |       |     2 ||     2
    Use: Potion            |     1 |     6 |     1 ||     8
         Scroll            |       |     1 |       ||     1
 Armour: Scale mail        |    65 |    57 |    32 ||   154
         Skin              |       |     4 |       ||     4
  Dodge: Dodged            |    48 |    45 |    33 ||   126
  Block: Buckler           |    27 |    23 |    15 ||    65

Table legend: (Time is in decaauts)
 A = Elapsed time spent in this place.
 B = Non-inter-level travel time spent in this place.
 C = Inter-level travel time spent in this place.
 D = Time resting spent in this place.
 E = Time spent auto-exploring this place.
 F = Levels seen in this place.
 G = Mean time per level.
                   A        B        C        D        E       F      G
               +--------+--------+--------+--------+--------+-----+--------+
         Total |   5701 |   5589 |    112 |    871 |   2354 |   6 |  950.2 |
       Dungeon |   5633 |   5525 |    108 |    871 |   2348 |   5 | 1126.6 |
        Temple |     67 |     63 |      4 |      0 |      6 |   1 |   67.0 |
               +--------+--------+--------+--------+--------+-----+--------+

Top non-repeatable levels by time:
     D:5: 1504 daAuts
     D:2: 1412 daAuts
     D:4: 1041 daAuts
     D:1: 1034 daAuts
     D:3: 640 daAuts
  Temple: 67 daAuts
